 Dungeon Crawl Stone Soup version 0.27.1-33-g824d729ab1 (webtiles) character file.

Game seed: 4483533420079198013

21 potato4science the Sneak (level 2, 0/19 HPs)
             Began as an Octopode Brigand on Dec 22, 2021.
             Slain by a goblin (6 damage)
             ... led by Robin
             ... on level 1 of the Dungeon.
             The game lasted 00:05:23 (1282 turns).

potato4science the Sneak (Octopode Brigand)         Turns: 1282, Time: 00:05:23

Health: 0/19       AC:  1    Str: 10    XL:     2   Next: 87%
Magic:  2/2        EV: 10    Int: 13    God:
Gold:   12         SH:  7    Dex: 13    Spells: 1/1 levels left

rFire    . . .     SeeInvis .   a - +2 dagger
rCold    . . .     Faith    .   f - +0 kite shield
rNeg     . . .     Spirit   .   (helmet restricted)
rPois    .         Reflect  .   (no amulet)
rElec    .         Harm     .   (no ring)
rCorr    .         Rampage  .   (no ring)
Will     .....                  (no ring)
Stlth    ++++......             (no ring)
HPRegen  0.06/turn              (no ring)
MPRegen  0.08/turn              (no ring)
                                (no ring)
                                (no ring)

@: no status effects
A: almost no armour, amphibious, 8 rings, camouflage 1, gelatinous body 1,
(nimble swimmer 1), tentacles
a: no special abilities


You were on level 1 of the Dungeon.
You visited 1 branch of the dungeon, and saw 2 of its levels.

You collected 12 gold pieces.

Inventory:

Hand Weapons
 a - a +2 dagger (weapon)
Missiles
 b - 8 poisoned darts
 c - 2 curare-tipped darts
 i - 38 stones (quivered)
Armour
 f - a +0 kite shield (worn)
Scrolls
 e - a scroll of magic mapping {unknown}
 g - a scroll of enchant weapon {unknown}
 k - a scroll of identify {unknown}
 l - a scroll of immolation {unknown}
Potions
 d - a potion of flight {unknown}
 h - a potion of resistance {unknown}
 j - a potion of haste {unknown}


   Skills:
 - Level 2.0 Fighting
 - Level 2.0 Short Blades
 - Level 2.0 Throwing
 - Level 2.0 Dodging
 - Level 5.3 Stealth
 + Level 1.6 Shields


You had one spell level left.
You didn't know any spells.
Your spell library was empty.

Dungeon Overview and Level Annotations

Branches:
Dungeon (2/15)

Altars:

Shops:
D:1 (

Annotations:
D:1 Robin


Innate Abilities, Weirdness & Mutations

You cannot wear most types of armour.
You are amphibious.
You can wear up to eight rings at the same time.
Your skin changes colour to match your surroundings (Stealth+).
Your rubbery body absorbs attacks. (AC +1, EV +1)
((You are camouflaged near water. (Stealth+)))
You have tentacles for arms and can constrict up to eight enemies at once.


Message History

There is a stone staircase leading down here.
You climb downwards.
Found a hand axe.
Found an escape hatch in the floor.
There is a stone staircase leading up here.
The helpless frilled lizard fails to defend itself.
You impale the frilled lizard!!
You kill the frilled lizard!
A worm comes into view.
You barely miss the worm. You grab the worm. You squeeze the worm!
The worm is heavily wounded.
You constrict the worm. The worm bites you.
You hit the worm.
The worm is almost dead.
You constrict the worm. You hit the worm.
You kill the worm!
You see here a +0 hand axe.
There is a stone staircase leading up here.
You climb upwards.
There is a stone staircase leading down here.
HP restored.
There is a stone staircase leading down here.
You climb downwards.
The hobgoblin shouts!
Robin shouts!
The goblin shouts! x2
The hobgoblin shouts! x2; The goblin shouts!
Robin throws the goblin at you! The goblin closely misses you.
You block the goblin's attack.
The goblin shouts!
The goblin hits you with a +0 club.
The goblin shouts! x3
There is a stone staircase leading up here.
You block the goblin's attack.
Robin roars a battlecry!
The goblins go into a battle-frenzy!
You block the goblin's attack. The goblin closely misses you.
You climb upwards.
There is a stone staircase leading down here.
Robin throws the goblin at you! The goblin hits you with a +0 club.
The goblin hits you with a +0 club. x2
You die...

##.#.........#.......
#.#...##....#.......
#.#........#........
####...##...##.#.#.....
#.........##.....#.....
#.......##......##.....
#...>g##...............
#....gg......#####.####
#...gg@.#....#####.#
#######.####.##....#
#......#.##.####
#........##.#####
#......#........###
#......#........#..
########...........
#........#.#
##########.#


You could see Robin and 4 goblins.

Vanquished Creatures
  A worm (D:2)
  A bat (D:1)
  5 endoplasms (D:1)
  2 giant cockroaches (D:1)
  A goblin (D:1)
  A hobgoblin (D:1)
  A ball python (D:1)
  2 frilled lizards
  A kobold (D:1)
  2 rats (D:1)
17 creatures vanquished.

Notes
Turn   | Place    | Note
-------+----------+-------------------------------------------
     0 | D:1      | potato4science the Octopode Brigand began the quest for the
                  | Orb.
     0 | D:1      | Reached XP level 1. HP: 14/14 MP: 1/1
   496 | D:1      | Reached XP level 2. HP: 19/19 MP: 2/2
   835 | D:1      | Found Fomiatorch's Weapon Shop.
   904 | D:1      | Reached skill level 1 in Shields
  1278 | D:2      | Noticed Robin
  1282 | D:1      | Slain by a goblin

Illustrated notes

Levels and vault maps discovered:
D:1:      noname_arrival_rooms_in_the_neighbourhood, layout_basic, serial_shops,
          nicolae_shop_statue_plus, hangedman_decor_opposing,
          hangedman_decor_peaks_small, hangedman_decor_slide_cut
D:2:      minmay_door_path, layout_loops_corners,
          dreamdust_ecumenical_altar_statues, st_stairs_13, uniq_jessica,
          uniq_crazy_yiuf_cottage, uniq_robin

Skill      XL: |  1  2 |
---------------+-------+-----
Dodging        | 2 |  2.0
Shields        | 1 |  1.6
Fighting       | |  2.0
Short Blades   | |  2.0
Throwing       | |  2.0
Stealth        | |  5.3

Action                   || total
-------------------------++-------
Melee: Dagger            ||    27
       Tentacles         ||     4
       Constrict         ||     3
Throw: Dart              ||     5
 Stab: Sleeping          ||     6
Dodge: Dodged            ||     5
Block: Kite shield       ||     6
